 Dungeon Crawl Stone Soup version 0.21.1-1-g345015fe64 (webtiles) character file.

18618 Marius the Severer (level 12, 0/171 HPs)
             Began as a Deep Dwarf Berserker on July 17, 2018.
             Was an Elder of Trog.
             Slain by a death yak (12 damage)
             ... on level 3 of the Lair of Beasts.
             The game lasted 00:46:59 (9346 turns).

Marius the Severer (Deep Dwarf Berserker)           Turns: 9346, Time: 00:46:59

Health: 0/171      AC: 23    Str: 33    XL:     12   Next: 29%
Magic:  9/9        EV:  8    Int:  9    God:    Trog [****..]
Gold:   614        SH:  8    Dex: 12    Spells: 11/11 levels left

rFire    + . .     SeeInvis .   Y - +8 long sword of Eternal Vigilance {slice, rF+ rN+ MR+ MP+9}
rCold    . . .     Gourm    .   X - +0 buckler
rNeg     + . .     Faith    .   o - +0 crystal plate armour
rPois    .         Spirit   .   B - +0 helmet
rElec    .         Reflect  +   z - +0 cloak
rCorr    .         Harm     .   (no gloves)
MR       ++...                  (no boots)
Stlth    ..........             H - +3 amulet of reflection
HPRegen  0.00/turn              e - +3 ring of strength
MPRegen  0.11/turn              E - +2 ring of protection

@: berserking (expiring), non-regenerating, very quick
A: damage resistance, heal wounds, sense surroundings 2, no regeneration
a: Heal Wounds, Berserk, Trog's Hand, Brothers in Arms, Burn Spellbooks,
Renounce Religion


You were on level 3 of the Lair of Beasts.
You worshipped Trog.
Trog was greatly pleased with you.
You were very hungry.

You visited 2 branches of the dungeon, and saw 11 of its levels.

You collected 734 gold pieces.
You spent 120 gold pieces at shops.

Inventory:

Hand Weapons
 u - a +0 war axe
 G - a +0 mace of draining
 K - a +0 scythe of protection
 M - a +0 morningstar of crushing
 R - a cursed -3 rapier
 Y - the +8 long sword of Eternal Vigilance (weapon) {slice, rF+ rN+ MR+ MP+9}
   (You found it on level 6 of the Dungeon)

   It inflicts extra damage upon your enemies.
   It protects you from fire.
   It protects you from negative energy.
   It affects your resistance to hostile enchantments.
   It affects your magic capacity (+9).
Missiles
 d - 3 tomahawks of dispersal (quivered)
 l - 270 arrows
 r - 80 bolts
 A - 38 poisoned needles
Armour
 o - a +0 crystal plate armour (worn)
 z - a +0 cloak (worn)
 B - a +0 helmet (worn)
 L - a +1 robe of magic resistance
 P - the +4 ring mail of Spring {rF+ rN+}
   (You found it on level 5 of the Dungeon)

   It protects you from fire.
   It protects you from negative energy.
 Q - a +0 hat of magic resistance
 X - a +0 buckler (worn)
Jewellery
 a - an uncursed ring of protection from cold
 e - a +3 ring of strength (left hand)
 g - an uncursed amulet of magic regeneration {unknown}
 q - an uncursed ring of protection from cold
 w - a cursed amulet of guardian spirit
 E - a +2 ring of protection (right hand)
 H - a +3 amulet of reflection (around neck)
 T - an uncursed ring of stealth
Wands
 V - a wand of scattershot (4)
Scrolls
 f - a scroll of brand weapon {unknown}
 m - a scroll of silence {unknown}
 n - a scroll of random uselessness
 p - a scroll of fear {unknown}
 y - a scroll of blinking {unknown}
 D - 2 scrolls of magic mapping
 I - 3 scrolls of noise {unknown}
 J - 3 scrolls of teleportation
 N - 5 scrolls of remove curse
 S - a scroll of amnesia
Potions
 b - a potion of might {unknown}
 h - a potion of agility {unknown}
 i - 2 potions of flight {unknown}
 j - 2 potions of berserk rage {unknown}
 k - 2 potions of heal wounds {unknown}
 s - 4 potions of brilliance {unknown}
 t - 3 potions of mutation {unknown}
 x - a potion of lignification {unknown}
 C - 3 potions of curing {unknown}
 U - a potion of haste {unknown}
Miscellaneous
 W - a phial of floods
Comestibles
 c - 17 rations


   Skills:
 + Level 9.3 Fighting
 * Level 4.7 Long Blades
 - Level 15.3 Axes
 + Level 8.1 Armour
 + Level 5.0 Dodging
 + Level 2.1 Stealth
 + Level 4.8 Shields


You had 11 spell levels left.
You didn't know any spells.

Dungeon Overview and Level Annotations

Branches:
Dungeon (8/15)             Temple (0/1) D:6            Lair (3/6) D:8
  Swamp (0/4) Lair:3
  Snake: Lair:2-4    Spider: Lair:2-4

Altars:
Ashenzari
Kikubaaqudgha
Trog
Vehumet
Yredelemnul

Shops:
D:4 =   D:5 *


Innate Abilities, Weirdness & Mutations

You are resistant to damage.
You can heal yourself by infusing magical energy.
You passively map the area around you.
You do not regenerate.


Message History

The death yak completely misses you.
You slash the death yak!
The death yak is almost dead.
The death yak gores you!
* * * LOW HITPOINT WARNING * * *
The death yak closely misses you. x2
You hit the death yak.
The death yak is almost dead.
The death yak gores you but does no damage. x2
You block the death yak's attack.
You slash the death yak!
You kill the death yak!
Trog accepts your kill.
You slice the death yak!!
The death yak is moderately wounded.
The death yak gores you but does no damage. x2
You hit the death yak.
The death yak is heavily wounded.
The death yak gores you!
You die...

##..##..#..............>.#.*
#......#.................#
*#...#..##................#
#....#...................# ,
#...*#..##...............#*,,
#...#....................# *
##. #...>................# ,
* ,P....................# ,
P......†@...........# , *
*P....$.Y.Y...........#
...................## ,
............P......# ,
,............#....., *,
...........##... , , ,
*...........# ,, * ,
...........#* , , * * * ,


You could see 2 death yaks.

Vanquished Creatures
  Gastronok (D:8)
  A hydra (Lair:2)
  Erica (D:8)
  2 death yaks (Lair:3)
  2 black mambas
  2 spiny frogs (Lair:2)
  A komodo dragon (Lair:2)
  Grinder (D:3)
  A hippogriff (Lair:2)
  10 blink frogs (Lair:1)
  Sigmund (D:4)
  14 yaks
  A basilisk (Lair:1)
  A wyvern (D:8)
  3 wargs (D:8)
  A hungry ghost (D:8)
  3 water moccasins (Lair:1)
  11 soldier ants (Lair:2)
  4 porcupines
  An orc warrior (D:8)
  An ice beast (D:5)
  A phantom (D:5)
  4 ogres
  6 centaurs
  5 crocodiles
  A big kobold (D:8)
  7 bullfrogs
  3 scorpions
  2 howler monkeys (D:8)
  3 crimson imps
  A centaur zombie (D:6)
  3 hounds
  A centaur skeleton (D:8)
  An orc priest (D:8)
  3 orc wizards (D:8)
  A bullfrog skeleton (D:6)
  4 iguanas
  29 worker ants
  14 adders
  A shadow imp (D:7)
  An ooze (D:4)
  4 adder skeletons
  2 worms
  A dart slug (D:2)
  3 leopard geckos
  5 orcs
  8 giant cockroaches
  2 hobgoblins
  6 jackals
  6 quokkas
  3 ball pythons
  7 bats
  2 frilled lizards (D:2)
  9 goblins
  10 kobolds
  A leopard gecko skeleton (D:5)
  A quokka skeleton (D:6)
  5 rats
  3 plants
232 creatures vanquished.

Vanquished Creatures (collateral kills)
  2 hydras
  A queen ant (Lair:2)
  2 oklob plants (Lair:2)
  4 soldier ants (Lair:2)
  A porcupine (Lair:2)
  2 worker ants (Lair:2)
12 creatures vanquished.

Vanquished Creatures (others)
  A cyclops (D:7)
  A kobold (D:8)
2 creatures vanquished.

Grand Total: 246 creatures vanquished

Notes
Turn   | Place    | Note
-------+----------+-------------------------------------------
     0 | D:1      | Marius the Deep Dwarf Berserker began the quest for the Orb.
     0 | D:1      | Reached XP level 1. HP: 20/20 MP: 1/1
  1735 | D:2      | Reached XP level 2. HP: 24/27 MP: 2/2
  1739 | D:2      | Paralysed by fainting for 7 turns
  1753 | D:2      | Paralysed by fainting for 6 turns
  1797 | D:2      | Reached skill level 4 in Axes
  1797 | D:2      | Reached XP level 3. HP: 24/34 MP: 3/3
  2270 | D:2      | Reached XP level 4. HP: 39/42 MP: 4/4
  2484 | D:3      | Reached ** piety under Trog
  2516 | D:3      | Noticed Grinder
  2532 | D:3      | Killed Grinder
  2532 | D:3      | Reached skill level 6 in Axes
  2532 | D:3      | Reached XP level 5. HP: 50/50 MP: 5/5
  2532 | D:3      | Reached XP level 6. HP: 57/57 MP: 6/6
  2947 | D:3      | Found a transporter.
  2954 | D:3      | Found a radiant altar of Vehumet.
  2956 | D:3      | Found an ancient bone altar of Kikubaaqudgha.
  2980 | D:3      | Found a transporter.
  3161 | D:4      | Found Jodup's Jewellery Shoppe.
  3195 | D:4      | Bought a +2 ring of protection for 120 gold pieces
  3210 | D:4      | Reached skill level 7 in Axes
  3313 | D:4      | Reached XP level 7. HP: 35/63 MP: 7/7
  3465 | D:4      | Noticed Sigmund
  3521 | D:4      | Killed Sigmund
  3521 | D:4      | Reached skill level 8 in Axes
  4234 | D:5      | Entered Level 5 of the Dungeon
  4283 | D:5      | Found a basalt altar of Yredelemnul.
  4309 | D:5      | Found a bloodstained altar of Trog.
  4456 | D:5      | Reached XP level 8. HP: 29/73 MP: 7/7
  4566 | D:5      | Got an encrusted ring mail
  4567 | D:5      | Identified the +4 ring mail of Spring {rF+ rN+} (You found it on level 5 of the Dungeon)
  4832 | D:5      | Reached skill level 5 in Fighting
  4855 | D:5      | Found Xipof's General Store.
  4993 | D:5      | Reached *** piety under Trog
  5395 | D:6      | Reached skill level 9 in Axes
  5475 | D:6      | Got a pitted long sword
  5479 | D:6      | Found a staircase to the Ecumenical Temple.
  5623 | D:7      | Noticed a cyclops
  5641 | D:7      | Reached skill level 1 in Stealth
  5656 | D:7      | Killed a cyclops
  5656 | D:7      | Reached skill level 10 in Axes
  5931 | D:7      | Gained mutation: You passively map the area around you. [Deep Dwarf growth]
  5931 | D:7      | Reached XP level 9. HP: 82/82 MP: 7/7
  6554 | D:8      | Reached skill level 5 in Armour
  6650 | D:8      | Reached skill level 11 in Axes
  6656 | D:8      | Reached skill level 1 in Shields
  6725 | D:8      | Noticed Erica
  6742 | D:8      | Reached skill level 12 in Axes
  6748 | D:8      | Killed Erica
  6748 | D:8      | Reached **** piety under Trog
  6748 | D:8      | Reached XP level 10. HP: 85/92 MP: 7/7
  6770 | D:8      | Noticed Gastronok
  6794 | D:8      | Killed Gastronok
  6794 | D:8      | Reached skill level 13 in Axes
  6946 | D:8      | Found a shattered altar of Ashenzari.
  7011 | D:8      | Found a staircase to the Lair.
  7030 | Lair:1   | Entered Level 1 of the Lair of Beasts
  7152 | Lair:1   | Noticed a black mamba
  7162 | Lair:1   | Killed a black mamba
  7162 | Lair:1   | Reached skill level 14 in Axes
  7182 | Lair:1   | Reached skill level 5 in Dodging
  7254 | Lair:1   | Reached XP level 11. HP: 103/103 MP: 5/5
  7887 | Lair:1   | Noticed a five-headed hydra
  7900 | Lair:1   | Killed a seven-headed hydra
  8162 | Lair:2   | Noticed a queen ant
  8175 | Lair:2   | Noticed a five-headed hydra
  8190 | Lair:2   | Killed a queen ant
  8193 | Lair:2   | Killed an 11-headed hydra
  8212 | Lair:2   | Reached skill level 15 in Axes
  8380 | Lair:2   | Noticed an oklob plant
  8388 | Lair:2   | Noticed an oklob plant
  8495 | Lair:2   | Killed an oklob plant
  8498 | Lair:2   | Killed an oklob plant
  8519 | Lair:2   | Identified the +8 long sword of Eternal Vigilance {slice, rF+ rN+ MR+ MP+9} (You found it on level 6 of the Dungeon)
  8590 | Lair:2   | Reached skill level 1 in Long Blades
  8667 | Lair:2   | Reached XP level 12. HP: 36/114 MP: 2/2
  8692 | Lair:2   | Noticed a five-headed hydra
  8700 | Lair:2   | Killed a ten-headed hydra
  8700 | Lair:2   | Received a gift from Trog
  9323 | Lair:3   | Noticed a death yak
  9324 | Lair:3   | Noticed a death yak
  9325 | Lair:3   | Noticed a death yak
  9326 | Lair:3   | Noticed a death yak
  9338 | Lair:3   | Killed a death yak
  9344 | Lair:3   | Killed a death yak
  9346 | Lair:3   | Slain by a death yak

Skill      XL: |  1  2  3  4  5  6  7  8  9 10 11 12 |
---------------+-------------------------------------+-----
Fighting       | 3 4 5 6 7 9 |  9.3
Axes           | 4 6 7 8 10 12 14 15 | 15.3
Armour         | 3 4 5 7 8 |  8.1
Dodging        | 3 4 5 |  5.0
Stealth        | 1 2 |  2.1
Shields        | 1 2 4 |  4.8
Long Blades    | 1 4 |  4.7

Action                   |  1- 3 |  4- 6 |  7- 9 | 10-12 || total
-------------------------+-------+-------+-------+-------++-------
Melee: Hand axe          |   166 |       |       |       ||   166
       War axe           |     2 |   100 |   250 |   383 ||   735
       Long sword        |       |       |       |   104 ||   104
Invok: Berserk           |       |     3 |    10 |    11 ||    24
       Trog's Hand       |       |     1 |       |     1 ||     2
       Burn Spellbooks   |       |     1 |     1 |     1 ||     3
       Brothers in Arms  |       |       |       |     4 ||     4
 Abil: Heal Wounds       |     1 |     1 |    12 |    31 ||    45
  Use: Scroll            |     3 |     4 |     4 |     3 ||    14
 Stab: Sleeping          |     1 |       |       |       ||     1
       Distracted        |       |       |       |     1 ||     1
  Eat: Ration            |     1 |       |     3 |     2 ||     6
       Chunk             |     1 |     7 |     9 |    14 ||    31
Armor: Ring mail         |    21 |       |    56 |    16 ||    93
       Animal skin       |     2 |       |       |       ||     2
       Scale mail        |    14 |    46 |    35 |       ||    95
       Crystal plate arm |       |       |       |   304 ||   304
Dodge: Dodged            |    79 |    54 |   145 |   147 ||   425
Block: Other             |       |       |    15 |       ||    15
       Buckler           |       |       |    41 |   178 ||   219
       Reflection        |       |       |     5 |     1 ||     6
       Rpst.: Long sword |       |       |       |    14 ||    14
